 Dungeon Crawl Stone Soup version 0.31-a0-743-g45f7035092 (webtiles) character file.

Game seed: 6893385119517554066

140 cforsyth the Trooper (level 5, -7/37 (42) HPs)
             Began as a Djinni Chaos Knight on Sept 12, 2023.
             Was a Plaything of Xom.
             Killed from afar by a white imp (9 damage)
             ... with a puff of frost
             ... summoned by Xom
             ... on level 3 of the Dungeon on Sept 13, 2023.
             The game lasted 00:04:30 (2702 turns).

cforsyth the Trooper (Djinni Chaos Knight)          Turns: 2702, Time: 00:04:31

HP:   -7/37 (42)    AC:  5    Str: 11    XL:     5   Next: 47%
Gold: 140           EV: 11    Int: 16    God:    Xom [*.....] SH:  0 Dex: 12

rFire   + + .        a - +0 falchion (chaos)
rCold   x . .        (no shield)
rNeg    . . .        b - +2 leather armour
rPois   ∞            (no helmet)
rElec   .            (no cloak)
rCorr   .            (no gloves)
SInv    .            (boots unavailable)
Will    .....        (no amulet)
Stlth   +            (no ring)
HPRegen 0.26/turn    (no ring)
MPRegen 0.00/turn

%: infuse magic (-8 HP)
@: on blink cooldown, flying, heavily drained
A: sickness immunity, fire resistance 2, cold vulnerability 1, float, innate
caster, HP casting, extra vitality 1
a: Renounce Religion


You were on level 3 of the Dungeon.
You worshipped Xom.
You were a special plaything of Xom.
You visited 1 branch of the dungeon, and saw 4 of its levels.

You collected 140 gold pieces.

Inventory:

Hand Weapons
 a - a +0 falchion of chaos (weapon)
Armour
 b - a +2 leather armour (worn)
Jewellery
 k - a ring of protection from fire
Scrolls
 d - a scroll of identify {unknown}
 f - a scroll of enchant armour {unknown}
 h - a scroll of revelation {unknown}
 j - a scroll of amnesia {unknown}
 n - a scroll of enchant weapon {unknown}
Potions
 e - a potion of resistance {unknown}
 g - 2 potions of ambrosia {unknown}
 i - 2 potions of degeneration {unknown}
 l - 3 potions of mutation {unknown}
 o - a potion of might {unknown}


   Skills:
 + Level 4.5 Fighting
 - Level 2.6 Long Blades
 - Level 1.0 Armour
 - Level 2.1 Dodging
 + Level 2.2 Spellcasting
 + Level 2.2 Conjurations
 + Level 2.2 Hexes
   Level 0.0 Charms
 + Level 2.2 Summonings
 + Level 2.2 Necromancy
 + Level 2.2 Translocations
 + Level 2.2 Transmutations
 + Level 2.2 Fire Magic
 + Level 2.2 Ice Magic
 + Level 2.2 Air Magic
 + Level 2.2 Earth Magic
 + Level 2.2 Poison Magic


You knew the following spells:

 Your Spells              Type           Power      Damage    Failure   Level
a - Summon Small Mammal   Summ           36%        N/A       11%         1
b - Blink                 Tloc           18%        N/A       16%         2
Your spell library was empty.

Dungeon Overview and Level Annotations

Branches:
Dungeon (4/15)
 Temple: D:4-7

Altars:
Fedhas
Makhleb

Annotations:
D:4 Blork the orc


Innate Abilities, Weirdness & Mutations

You are immune to sickness and miasma.
You are immune to poison.
Your flesh is very heat resistant. (rF++)
You are vulnerable to cold. (rC-)
You float through the air rather than walking.
You learn spells naturally, not from books.
Your magical power is your life essence.
You have superior vitality. (+4 MHP)


Message History

The white imp is moderately wounded.
The white imp completely misses you.
The white imp hits you but does no damage.
You barely miss the white imp.
The white imp is moderately wounded.
The white imp shouts, "Succumb, thou foppish common-kissing harpy!"
The white imp gestures at you. The puff of frost hits you.
You feel a terrible chill! The white imp barely misses you.
The crimson imp blinks!
The white imp gestures at you. The puff of frost misses you.
The white imp hits you but does no damage.
Casting: Summon Small Mammal (safe; 11% risk of failure)
Confirm with . or Enter, or press ? or * to list all spells.
Okay, then.
Casting: Summon Small Mammal (safe; 11% risk of failure)
Confirm with . or Enter, or press ? or * to list all spells.
You blink.
The white imp hits you. The white imp freezes you.
You feel a terrible chill!
Xom roars with laughter!
* * * LOW HITPOINT WARNING * * *
The crimson imp blinks!
The white imp attacks as it pursues you!
The white imp misses you. The crimson imp misses you.
The white imp attacks as it pursues you!
The white imp hits you but does no damage.
The crimson imp shouts, "Away with thee, thou villainous toad-spotted haggard!"
You feel stable enough to blink again.
The white imp attacks as it pursues you!
The white imp hits you.
* * * LOW HITPOINT WARNING * * *
The white imp freezes you.
You feel a terrible chill!
* * * LOW HITPOINT WARNING * * *
Casting: Blink (safe; 16% risk of failure)
Confirm with . or Enter, or press ? or * to list all spells.
You blink.
* * * LOW HITPOINT WARNING * * *
The white imp gestures at you. The puff of frost hits you!
You feel a terrible chill!
You die...

#..†>.[..........# ####
..#...........##.# #...
##...###......##.########## #.##
###<####..................# #.#
...............).......#..# #.#
###.####......##.#######..####.#
#.# #.......................#
#.# ##.######.#######..######
###.# #.# #@## #..####### ....#
#.# #..# #......... ....#
#.#######.# ##.####### ###.#
#.......#.# #.# .##.#
#######.#5# ##.# ....# #.#5#
#..# .#### #.#.# #.## ## #.#5#
#.## # #.#.# #..#


You could see a crimson imp (summoned) and 2 white imps.

Vanquished Creatures
  A hound (D:3)
  2 adders
  5 dart slugs
  An orc (D:4)
  6 ball pythons
  6 bats
  5 endoplasms
  3 giant cockroaches
  2 goblins (D:1)
  4 hobgoblins
  11 jackals (D:1)
  3 kobolds
  2 quokkas
  12 frilled lizards
  12 rats
75 creatures vanquished.

Vanquished Creatures (collateral kills)
  A dart slug (D:1)
  2 ball pythons (D:1)
3 creatures vanquished.

Grand Total: 78 creatures vanquished

Notes
Turn   | Place    | Note
-------+----------+-------------------------------------------
     0 | D:1      | cforsyth the Djinni Chaos Knight began the quest for the
                  | Orb.
     0 | D:1      | Reached XP level 1. HP: 20/20 MP: 0/0
    30 | D:1      | Reached XP level 2. HP: 22/25 MP: 0/0
    81 | D:1      | XOM: silly message
    86 | D:1      | Reached skill level 1 in Spellcasting
    86 | D:1      | Reached skill level 1 in Conjurations
    86 | D:1      | Reached skill level 1 in Hexes
    86 | D:1      | Reached skill level 1 in Summonings
    86 | D:1      | Reached skill level 1 in Necromancy
    86 | D:1      | Reached skill level 1 in Translocations
    86 | D:1      | Reached skill level 1 in Transmutations
    86 | D:1      | Reached skill level 1 in Fire Magic
    86 | D:1      | Reached skill level 1 in Ice Magic
    86 | D:1      | Reached skill level 1 in Air Magic
    86 | D:1      | Reached skill level 1 in Earth Magic
    86 | D:1      | Reached skill level 1 in Poison Magic
    95 | D:1      | Reached XP level 3. HP: 21/30 MP: 0/0
    95 | D:1      | Learned a level 1 spell: Summon Small Mammal
   484 | D:1      | Reached XP level 4. HP: 33/37 MP: 0/0
   739 | D:2      | Reached skill level 4 in Fighting
  1665 | D:3      | Reached XP level 5. HP: 41/41 MP: 0/0
  1665 | D:3      | Learned a level 2 spell: Blink
  1751 | D:3      | Found a burning altar of Makhleb.
  1851 | D:3      | Found a blossoming altar of Fedhas.
  2178 | D:4      | Noticed Blork the orc
  2184 | D:4      | XOM: god gift: 35 gold pieces
  2218 | D:4      | XOM: draining
  2222 | D:4      | XOM: fog
  2235 | D:4      | XOM: stat loss: -1 Str (10/11)
  2238 | D:4      | XOM: smoke on damage
  2687 | D:3      | XOM: summons 3 hostile demons
  2702 | D:3      | Killed from afar by a white imp

Illustrated notes

Levels and vault maps discovered:
D:1:      minmay_arrival_checkered_box, layout_rooms, minmay_lizard_pond
D:2:      layout_basic, roderic_roman_lattice, minmay_small_reverse_x
D:3:      layout_loops_ring, grunt_temple_overflow_growth_and_decay,
          bloody_makhleb
D:4:      layout_rooms, gammafunk_ghost_necromancy, uniq_blork_the_orc,
          uniq_ijyb, uniq_sigmund

Skill      XL: |  1  2  3  4 |
---------------+-------------+-----
Spellcasting   | 1 2 |  2.2
Conjurations   | 1 2 |  2.2
Hexes          | 1 2 |  2.2
Summonings     | 1 2 |  2.2
Necromancy     | 1 2 |  2.2
Translocations | 1 2 |  2.2
Transmutations | 1 2 |  2.2
Fire Magic     | 1 2 |  2.2
Ice Magic      | 1 2 |  2.2
Air Magic      | 1 2 |  2.2
Earth Magic    | 1 2 |  2.2
Poison Magic   | 1 2 |  2.2
Fighting       | 4 |  4.5
Long Blades    | |  2.6
Armour         | |  1.0
Dodging        | |  2.1

Action                     |  1- 3 |  4- 6 || total
---------------------------+-------+-------++-------
  Melee: Falchion          |   102 |   100 ||   202
   Cast: Blink             |       |     5 ||     5
         Summon Small Mamm |       |     1 ||     1
    Use: Scroll            |       |     2 ||     2
   Stab: Distracted        |       |     1 ||     1
 Armour: Leather armour    |    99 |    80 ||   179
  Dodge: Dodged            |    97 |    83 ||   180

Table legend: (Time is in decaauts)
 A = Elapsed time spent in this place.
 B = Non-inter-level travel time spent in this place.
 C = Inter-level travel time spent in this place.
 D = Time resting spent in this place.
 E = Time spent auto-exploring this place.
 F = Levels seen in this place.
 G = Mean time per level.
                   A        B        C        D        E       F      G
               +--------+--------+--------+--------+--------+-----+--------+
         Total |   2739 |   2660 |     79 |    396 |   1729 |   4 |  684.8 |
       Dungeon |   2739 |   2660 |     79 |    396 |   1729 |   4 |  684.8 |
               +--------+--------+--------+--------+--------+-----+--------+

Top non-repeatable levels by time:
     D:3: 1189 daAuts
     D:2: 825 daAuts
     D:1: 628 daAuts
     D:4: 96 daAuts
